AoeStats
← WING123456

Nomad

510521817Analyzed
3v3 RM · 1d ago on Oct 1, 2026· 26m 18s· 6 players
Game mode
Random Map
Map size
210×210
Population
200
Speed
Normal
Resources
Standard
Victory
Conquest
Starting age
Dark Age
Ending age
Imperial Age
RankedLock teamsTeams togetherTeam positionsShared explorationLock speedFull tech treeHidden civsTurbo modeCheats
Victory
Defeat
🇨🇳 Britons · China
1239
+14
🇨🇳 Japanese · China
1232
+14
🇨🇳 Koreans · China
1119
+18
🇪🇸 Mongols · Spain
1227
-17
🇨🇳 Japanese · China
1169
-15
🇹🇼 Danes · Taiwan
1156
-14
帅死八个人
13:11 Feudal Age
12:58 Loom
17:32 Castle Age
15:45 Double-Bit Axe
18:30 Bow Saw
19:32 Crossbowman
23:24 Padded Archer Armor
24:28 Fletching
27:03 Wheelbarrow
26:25 Gold Mining
нежность
2:58 Loom
13:21 Feudal Age
17:15 Castle Age
15:57 Double-Bit Axe
15:55 Horse Collar
19:29 Bow Saw
20:30 Medium Warships
23:56 Stone Mining
25:47 Wheelbarrow
高血压选手
4:41 Loom
13:36 Feudal Age
14:05 Double-Bit Axe
18:21 Castle Age
16:57 Forging
19:51 Bow Saw
20:38 Wheelbarrow
21:05 Scale Mail Armor
Leopard
4:35 Loom
14:25 Feudal Age
18:39 Castle Age
16:58 Double-Bit Axe
16:57 Fishing Lines
17:48 Horse Collar
21:20 Wheelbarrow
21:24 Fletching
23:46 Bodkin Arrow
清華校草
4:03 Loom
14:33 Feudal Age
15:55 Fletching
18:19 Castle Age
16:17 Gold Mining
16:13 Double-Bit Axe
16:34 Fishing Lines
17:09 Fletching
19:08 Bodkin Arrow
21:43 Gillnets
23:31 Bow Saw
26:01 Ballistics
WING123456
3:50 Loom
15:32 Feudal Age
20:11 Castle Age
18:20 Fishing Lines
19:18 Forging
19:05 Gold Mining
20:12 Scale Mail Armor
20:11 Pikeman
22:23 Fletching
22:36 Padded Archer Armor
23:54 Double-Bit Axe
23:37 Elite Skirmisher
25:11 Bow Saw
25:30 Bodkin Arrow
25:51 Leather Archer Armor
Connection lost

Rejoining the realm…

Still unreachable

The connection could not be restored.

Session expired

The server has moved on; the page needs a fresh start.